 Dungeon Crawl Stone Soup version 0.20.1-1-g8b1a95d66d (webtiles) character file.

547 HessuHobo the Slasher (level 7, 0/54 HPs)
             Began as a Human Fighter on Nov 18, 2017.
             Slain by an ogre
             ... wielding a +0 giant club
              (21 damage)
             ... on level 4 of the Dungeon.
             The game lasted 00:08:51 (4649 turns).

HessuHobo the Slasher (Human Fighter)               Turns: 4649, Time: 00:08:52

Health: 0/54       AC:  7    Str: 17    XL:     7   Next: 53%
Magic:  7/7        EV:  7    Int:  9    God:
Gold:   190        SH:  9    Dex: 13    Spells: 6/6 levels left

rFire    . . .     SeeInvis .   a - +1 long sword
rCold    . . .     Gourm    .   c - +0 shield
rNeg     . . .     Faith    .   b - +0 scale mail
rPois    .         Spirit   .   (no helmet)
rElec    .         Reflect  .   (no cloak)
rCorr    .         Harm     .   (no gloves)
MR       +....                  (no boots)
Stlth    ..........             (no amulet)
Regen    0.2/turn               j - ring of protection from magic
MPRegen  0.1/turn               (no ring)

@: no status effects
A: no striking features
a: no special abilities


You were on level 4 of the Dungeon.
You were very hungry.

You visited 1 branch of the dungeon, and saw 4 of its levels.

You collected 190 gold pieces.

Inventory:

Hand Weapons
 a - a +1 long sword (weapon)
 o - a +4 dagger of holy wrath
Missiles
 m - 123 stones (quivered)
Armour
 b - a +0 scale mail (worn)
 c - a +0 shield (worn)
 l - a +0 ring mail
Jewellery
 j - a ring of protection from magic (left hand)
Wands
 h - a wand of enslavement (10/24)
 p - a wand of flame (30/48)
Scrolls
 g - 2 scrolls of teleportation
 i - 3 scrolls of fear
 n - a scroll of remove curse {unknown}
 u - a scroll of enchant armour {unknown}
Potions
 e - a potion of heal wounds
 q - a potion of lignification {unknown}
 t - a potion of degeneration {unknown}
Books
 s - a book of Callings

   Spells                             Type                      Level
   a - Summon Small Mammal            Summoning                    1
   b - Call Imp                       Summoning                    2
   c - Call Canine Familiar           Summoning                    3
   d - Summon Guardian Golem          Hexes/Summoning              3
   e - Summon Lightning Spire         Summoning/Air                4
   f - Summon Ice Beast               Ice/Summoning                4
Comestibles
 d - a royal jelly
 f - 2 bread rations
 r - a meat ration


   Skills:
 + Level 4.0 Fighting
 + Level 5.0 Long Blades
 + Level 4.7 Armour
 + Level 4.7 Shields


You had 6 spell levels left.
You didn't know any spells.

Dungeon Overview and Level Annotations

Branches:
Dungeon (4/15)             Temple (0/1) D:4

Altars:
Gozag
Nemelex Xobeh


Message History

You are feeling very hungry.
The ogre hits you with a giant club!
You hit the ogre.
The ogre is moderately wounded.
You hit the ogre.
The ogre is heavily wounded.
The ogre hits you with a giant club.
You hit the ogre.
The ogre is heavily wounded.
The ogre hits you with a giant club!
You are too injured to fight recklessly!
You are too injured to fight recklessly!
You are too injured to fight recklessly!
You completely miss the ogre.
The ogre is heavily wounded.
You block the ogre's attack.
You hit the ogre.
The ogre is heavily wounded.
The ogre hits you with a giant club!!
You die...

######### **##### ### ........#
*,,...# #####.#### #######.#
*,###.#####......#.. #.#
#,#.........#......# #.#
#.#.#.#####......#.# #.# #.O@..#
##.##.##.# #.# ###.### #.......#
##.# ####.#*## ####.#### #..#
#.......# ##'## #.## #.##.##.#
##...## ###.# #.##.##.# ##.....##
##.#.######.##.#..# ##.......#
###........##.##....####.........
.......................+.........


You could see an ogre.

Vanquished Creatures
  The ghost of bodvar the Covered, an amateur HOFi of Cheibriados (D:3)
  A bullfrog (D:4)
  A scorpion (D:4)
  A hound (D:4)
  Jessica (D:3)
  Terence (D:2)
  Natasha (thrice) (D:2)
  3 worker ants (D:4)
  4 adders
  An adder skeleton (D:4)
  3 worms (D:2)
  3 dart slugs
  4 giant cockroaches
  17 goblins
  7 hobgoblins
  7 jackals
  3 kobolds
  A quokka (D:2)
  A ball python skeleton (D:4)
  3 bats
  3 frilled lizards
  A quokka skeleton (D:4)
  7 rats
77 creatures vanquished.

Notes
Turn   | Place    | Note
-------+----------+-------------------------------------------
     0 | D:1      | HessuHobo the Human Fighter began the quest for the Orb.
     0 | D:1      | Reached XP level 1. HP: 18/18 MP: 1/1
   316 | D:1      | Reached XP level 2. HP: 21/24 MP: 2/2
   887 | D:2      | Reached XP level 3. HP: 27/29 MP: 3/3
   963 | D:2      | Noticed Terence
   990 | D:2      | Killed Terence
   990 | D:2      | Reached XP level 4. HP: 20/35 MP: 4/4
  1153 | D:2      | You fall through a shaft for 2 floors!
  1576 | D:2      | Noticed Natasha
  1585 | D:2      | Killed Natasha
  1585 | D:2      | Reached skill level 3 in Long Blades
  1585 | D:2      | Reached XP level 5. HP: 26/41 MP: 5/5
  1959 | D:2      | Noticed Natasha
  1966 | D:2      | Killed Natasha
  2051 | D:2      | Noticed Natasha
  2058 | D:2      | Killed Natasha
  2069 | D:2      | Found a sparkling altar of Nemelex Xobeh.
  2257 | D:3      | Found an opulent altar of Gozag.
  2297 | D:3      | Reached XP level 6. HP: 23/48 MP: 6/6
  2508 | D:3      | Noticed Jessica
  2514 | D:3      | Killed Jessica
  2679 | D:3      | Found a sparkling altar of Nemelex Xobeh.
  2885 | D:3      | Noticed bodvar's ghost (amateur HOFi)
  2927 | D:3      | Killed bodvar's ghost
  2927 | D:3      | Reached skill level 4 in Long Blades
  3624 | D:4      | Reached XP level 7. HP: 24/53 MP: 7/7
  4494 | D:4      | Reached skill level 5 in Long Blades
  4649 | D:4      | Slain by an ogre

Skill      XL: |  1  2  3  4  5  6  7 |
---------------+----------------------+-----
Long Blades    | 3 4 5 |  5.0
Armour         | 4 |  4.7
Shields        | 4 |  4.7
Fighting       | 4 |  4.0

Action                   |  1- 3 |  4- 6 |  7- 9 || total
-------------------------+-------+-------+-------++-------
Melee: Long sword        |    86 |   214 |    44 ||   344
Throw: Stone             |       |     7 |       ||     7
  Use: Potion            |     1 |     3 |       ||     4
       Scroll            |       |     8 |       ||     8
  Eat: Bread ration      |       |     1 |       ||     1
       Chunk             |       |     4 |     3 ||     7
Armor: Scale mail        |    24 |    74 |    11 ||   109
Dodge: Dodged            |    23 |    54 |    14 ||    91
Block: Shield            |    42 |   115 |    21 ||   178
       Rpst.: Long sword |     7 |    11 |     4 ||    22
